 Dungeon Crawl Stone Soup version 0.19.1-1-g22dce08 (webtiles) character file.

5154 sveltemanboy the Spear-Bearer (level 10, 0/65 HPs)
             Began as a Yellow Draconian Summoner on Jan 3, 2017.
             Was a Follower of Ashenzari.
             Succumbed to a killer bee's poison
             ... on level 9 of the Dungeon.
             The game lasted 00:27:22 (9764 turns).

sveltemanboy the Spear-Bearer (DrSu)                Turns: 9764, Time: 00:27:23

Health: 0/65       AC: 11    Str: 12      XL:     10   Next: 33%
Magic:  7/11       EV: 13    Int: 17 (18) God:    Ashenzari [*.....]
Gold:   296        SH:  4    Dex: 12 (13) Spells: 4 memorised, 3 levels left

rFire  + + .     SeeInvis .     o - +1 halberd (freeze) (curse)
rCold  . . .     Gourm    .     (armour unavailable)
rNeg   . . .     Faith    .     (shield currently unavailable)
rPois  .         Spirit   .     (helmet restricted)
rElec  .         Reflect  +     u - +2 cloak {MR+} (curse)
rCorr  +         Harm     .     m - +0 pair of gloves (curse)
MR     +....                    (no boots)
Stlth  ++........               E - +4 amulet of reflection (curse)
                                (no ring)
                                w - ring of protection from fire (curse)

@: lethally poisoned (0 -> -3), flying
A: spit acid, acid resistance, unfitting armour, big wings, blurry vision 1,
deterioration 1, fire resistance 1, frail 1, low mp 1, strong 1, cold-blooded,
subdued magic 1, AC +7
a: Spit Acid, Stop Flying, Curse Item, Scrying, Renounce Religion


You were on level 9 of the Dungeon.
You worshipped Ashenzari.
Ashenzari was aware of your devotion.
You were hungry.

You visited 2 branches of the dungeon, and saw 10 of its levels.

You collected 296 gold pieces.

Inventory:

Hand Weapons
 o - a cursed +1 halberd of freezing (weapon)
Missiles
 g - a throwing net (quivered)
Armour
 h - a +0 pair of boots
 m - a cursed +0 pair of gloves (worn)
 u - a cursed +2 cloak of magic resistance (worn)
 x - a +2 shield
Jewellery
 w - a cursed ring of protection from fire (left hand)
 y - an uncursed ring of fire
 E - a cursed +4 amulet of reflection (around neck)
Wands
 B - a wand of acid (4/15)
Scrolls
 a - a scroll of fog {unknown}
 c - a scroll of teleportation
 d - 6 scrolls of remove curse
 e - 3 scrolls of fear
 l - a scroll of enchant weapon
 n - 2 scrolls of blinking
 p - a scroll of enchant armour
 G - a scroll of identify
Potions
 s - 3 potions of agility
 z - 2 potions of brilliance
Comestibles
 b - 6 bread rations
 f - 5 chunks of flesh
 k - 4 meat rations
 t - 4 beef jerkies
 A - a royal jelly
 C - a slice of pizza


   Skills:
 - Level 2.2 Fighting
   Level 2.1 Long Blades
 + Level 13.5 Polearms
 - Level 3.3 Dodging
 - Level 1.7 Stealth
 - Level 2.0 Spellcasting
 + Level 9.0 Summonings
 - Level 3.0 Ice Magic


You had 3 spell levels left.
You knew the following spells:

 Your Spells              Type           Power        Failure   Level  Hunger
a - Summon Small Mammal   Summ           ###.         1%          1    #......
b - Call Imp              Summ           ###.....     1%          2    ###....
c - Call Canine Familiar  Summ           ###.....     1%          3    ###....
d - Summon Ice Beast      Ice/Summ       ###.....     14%         4    #####..


Dungeon Overview and Level Annotations

Branches:
Dungeon (9/15)             Temple (1/1) D:6
   Lair: D:8-11         Orc: D:9-12

Altars:
Ashenzari
Cheibriados
Dithmenos
Elyvilon
Fedhas
Gozag
Hepliaklqana
Kikubaaqudgha
Makhleb
Nemelex Xobeh
Okawaru
Qazlal
Ru
Sif Muna
Trog
Uskayaw
Vehumet
Xom
Yredelemnul
Zin
The Shining One


Innate Abilities, Weirdness & Mutations

You can spit globs of acid.
You are resistant to acid.
Your golden yellow scales are hard. (AC +7)
You cannot fit into any form of body armour.
You are cold-blooded and may be slowed by cold attacks.
Your large and strong wings let you fly indefinitely.
Scrolls take you a little longer to read.
Your body sometimes deteriorates upon taking damage.
Your flesh is heat resistant. (rF+)
You are frail. (-10% HP)
Your magical capacity is low. (-10% MP)
Your muscles are strong. (Str +2)
Your spells are a little easier to cast, but a little less powerful.


Message History

The killer bee stings your hound!
Your hound dies!
Your hound's corpse disappears in a puff of smoke!
* * * LOW HITPOINT WARNING * * *
You feel sick.
* * * LOW HITPOINT WARNING * * *
You feel sick.
* * * LOW HITPOINT WARNING * * *
You feel sick.
* * * LOW HITPOINT WARNING * * *
You feel sick.
* * * LOW HITPOINT WARNING * * *
You feel sick. The killer bee closely misses you.
There is an open door here.
Casting: Call Imp
Confirm with . or Enter, or press ? or * to list all spells.
You are feeling hungry.
The killer bee misses you. The killer bee barely misses you.
Unknown command.
You die...

.....##≈≈)######.
........§(# .....##≈≈(# '
.....#.≈y)# .. #####'.≈≈y#
.# ≈≈≈≈≈≈≈8≈.# ######.##
≈≈≈≈≈≈≈≈8.# ####.......#
..........###yy'.......###
........'.....##@......'..
........########h......#
........# #.).....#
÷.......# #.......#
....>...# #.......#
........# ###'#####
........# #..# #'#######
#.## #.).# #.#


You could see 2 killer bees and a friendly hound.

Vanquished Creatures
  Pikel (D:6)
  A manticore (D:8)
  3 yaks (D:6)
  Menkaure (D:7)
  2 orc warriors
  2 water moccasins (D:9)
  2 slaves (D:6)
  2 phantoms
  A sky beast (D:9)
  A black bear (D:9)
  3 ogres
  3 bullfrogs
  2 scorpions
  A water moccasin skeleton (D:8)
  7 killer bees (D:9)
  A howler monkey (D:3)
  2 electric eels (D:6)
  3 crimson imps
  An orc priest (D:9)
  A centaur zombie (D:6)
  An iguana (D:9)
  6 orc wizards
  7 worker ants
  A killer bee zombie (D:9)
  A hound skeleton (D:8)
  3 adders
  A shadow imp (D:6)
  An ooze (D:6)
  An adder skeleton (D:4)
  An adder zombie (D:5)
  3 worms
  A dart slug (D:3)
  4 leopard geckos
  20 orcs
  2 ball pythons
  6 bats
  4 giant cockroaches
  4 goblins
  5 hobgoblins
  7 jackals (D:6)
  2 quokkas
  5 frilled lizards
  A jackal skeleton (D:4)
  8 kobolds
  A leopard gecko skeleton (D:6)
  A quokka skeleton (D:6)
  A quokka zombie (D:8)
  11 rats
149 creatures vanquished.

Vanquished Creatures (collateral kills)
  Sigmund (D:2)
  2 yaks (D:6)
  A sky beast (D:5)
  A phantom (D:4)
  A centaur (D:8)
  A crocodile (D:9)
  A big kobold (D:7)
  A bullfrog (D:9)
  A scorpion (D:7)
  An electric eel (D:9)
  A crimson imp (D:4)
  A jelly (D:9)
  Crazy Yiuf (D:7)
  2 orc priests
  5 hounds
  An orc wizard (D:5)
  3 iguanas
  A worker ant (D:4)
  5 adders
  2 shadow imps (D:5)
  An ooze (D:1)
  An adder skeleton (D:9)
  A dart slug (D:1)
  A leopard gecko (D:5)
  6 orcs
  3 hobgoblins
  2 jackals (D:4)
  4 kobolds
  A quokka (D:7)
  A bat (D:2)
  A frilled lizard (D:5)
  A rat (D:1)
56 creatures vanquished.

Vanquished Creatures (others)
  An adder (D:7)
  An adder skeleton (D:7)
2 creatures vanquished.

Grand Total: 207 creatures vanquished

Notes
Turn   | Place    | Note
-------+----------+-------------------------------------------
     0 | D:1      | sveltemanboy the Draconian Summoner began the quest for the Orb.
     0 | D:1      | Reached XP level 1. HP: 14/14 MP: 3/3
   281 | D:1      | Reached XP level 2. HP: 16/20 MP: 1/5
   325 | D:1      | Learned a level 2 spell: Call Imp
  1284 | D:2      | Reached skill level 5 in Summonings
  1317 | D:2      | Reached XP level 3. HP: 25/26 MP: 6/6
  1402 | D:2      | Found a sacrificial altar of Ru.
  1410 | D:2      | Noticed Sigmund
  1551 | D:2      | Killed Sigmund
  1551 | D:2      | Reached skill level 1 in Fighting
  1551 | D:2      | Reached skill level 1 in Long Blades
  1551 | D:2      | Reached XP level 4. HP: 30/36 MP: 0/7
  2001 | D:3      | Found a faded altar of an unknown god.
  2084 | D:3      | Reached XP level 5. HP: 30/41 MP: 4/8
  2344 | D:3      | Learned a level 3 spell: Call Canine Familiar
  2826 | D:4      | Reached skill level 1 in Polearms
  3187 | D:4      | Reached XP level 6. HP: 44/48 MP: 4/9
  3250 | D:4      | Reached skill level 2 in Polearms
  3572 | D:4      | Reached skill level 3 in Polearms
  3737 | D:5      | Entered Level 5 of the Dungeon
  3737 | D:5      | Noticed a sky beast
  3763 | D:4      | Your scales start taking on a golden yellow colour.
  3763 | D:4      | Reached XP level 7. HP: 41/55 MP: 1/10
  3915 | D:5      | Reached skill level 4 in Polearms
  4269 | D:5      | Reached skill level 12 in Polearms
  4269 | D:5      | Reached XP level 8. HP: 61/61 MP: 11/11
  4836 | D:6      | Found a staircase to the Ecumenical Temple.
  4845 | Temple   | Entered the Ecumenical Temple
  4977 | Temple   | Became a worshipper of Ashenzari the Shackled
  5151 | D:6      | Reached XP level 9. HP: 52/67 MP: 7/12
  5368 | D:6      | Learned a level 4 spell: Summon Ice Beast
  5893 | D:7      | Noticed Pikel
  6131 | D:6      | Killed Pikel
  6131 | D:6      | Reached skill level 13 in Polearms
  6383 | D:7      | Noticed Menkaure
  6390 | D:7      | Killed Menkaure
  6390 | D:7      | Reached skill level 1 in Ice Magic
  7127 | D:7      | Found a runed door.
  7131 | D:7      | Noticed Crazy Yiuf
  7141 | D:7      | Killed Crazy Yiuf
  7238 | D:8      | Reached * piety under Ashenzari
  7905 | D:8      | Noticed a manticore
  7932 | D:8      | Gained mutation: Your magical capacity is low. (-10% MP) [potion of mutation]
  7932 | D:8      | Gained mutation: Your body sometimes deteriorates upon taking damage. [potion of mutation]
  7934 | D:8      | Gained mutation: Your muscles are strong. (Str +2) [potion of mutation]
  7934 | D:8      | Gained mutation: Scrolls take you a little longer to read. [potion of mutation]
  7934 | D:8      | Gained mutation: Your flesh is heat resistant. (rF+) [potion of mutation]
  7946 | D:8      | Killed a manticore
  7946 | D:8      | Reached XP level 10. HP: 25/73 MP: 1/11
  7978 | D:8      | Gained mutation: You are frail. (-10% HP) [potion of mutation]
  7978 | D:8      | Gained mutation: Your large and strong wings let you fly indefinitely. [potion of mutation]
  9430 | D:9      | Gained mutation: Your spells are a little easier to cast, but a little less powerful. [mutagenic meat]
  9758 | D:9      | HP: 3/65 [poisoned by a killer bee]
  9760 | D:9      | HP: 1/65 [poisoned by a killer bee]
  9764 | D:9      | Succumbed to a killer bee's poison

Skill      XL: |  1  2  3  4  5  6  7  8  9 10 |
---------------+-------------------------------+-----
Summonings     | 5 6 7 8 9 |  9.0
Fighting       | 1 2 |  2.2
Long Blades    | 1 2 |  2.1
Polearms       | 1 3 12 13 | 13.5
Dodging        | 2 3 |  3.3
Ice Magic      | 2 3 |  3.0
Stealth        | |  1.7
Spellcasting   | |  2.0

Action                   |  1- 3 |  4- 6 |  7- 9 | 10-12 || total
-------------------------+-------+-------+-------+-------++-------
Melee: Unarmed           |    47 |       |       |       ||    47
       Tailslap          |     7 |     8 |    28 |     4 ||    47
       Whip              |    40 |       |       |       ||    40
       Long sword        |    12 |    47 |       |       ||    59
       Halberd           |       |   121 |   308 |   150 ||   579
Throw: Throwing net      |       |     1 |       |       ||     1
 Cast: Summon Small Mamm |    18 |    15 |     2 |       ||    35
       Call Imp          |     5 |    27 |    27 |    11 ||    70
       Call Canine Famil |       |     3 |    23 |    12 ||    38
Invok: Curse Item        |       |       |     5 |       ||     5
 Abil: Spit Acid         |       |       |     2 |     2 ||     4
       Fly               |       |       |       |     1 ||     1
Evoke: Wand              |       |       |       |     1 ||     1
  Use: Scroll            |       |       |     6 |     9 ||    15
       Potion            |       |       |    10 |     4 ||    14
 Stab: Sleeping          |     1 |     7 |     2 |       ||    10
       Distracted        |     1 |       |     3 |     3 ||     7
       Held in net/web   |       |     3 |       |       ||     3
  Eat: Chunk             |     3 |     9 |    18 |     5 ||    35
       Meat ration       |       |       |       |     1 ||     1
Armor: Skin              |    31 |    58 |    89 |    44 ||   222
Dodge: Dodged            |    77 |   128 |   137 |    80 ||   422
Block: Other             |       |       |     6 |    25 ||    31
       Reflection        |       |       |       |     1 ||     1
       Rpst.: Long sword |     1 |    10 |       |       ||    11
